Map: Świt ER (Void)

Players

OuO - Winner!

  • Race: Protoss Protoss
  • League: Master
  • Spawn Location: 1:00

sLeepisT

  • Race: Terran Terran
  • League: Master
  • Spawn Location: 7:00

VOD

Have the link to the VOD?

Description

Time

  • Played on: Jan. 21, 2017, 4:25 a.m.
  • Length: 10:47
Show
View Real Time Build Order
Export as new Build Order

OuO Protoss - Winner!

Build Orders: 1 Gate Expand, Oracle Opening, Carrier Rush 

Get SALT Encoding   

  12  0:01  Probe (Chrono Boost)  
  13  0:11  Probe (Chrono Boost)  
  14  0:18  Pylon  
  14  0:23  Probe (Chrono Boost)  
  15  0:36  Probe (Chrono Boost)  
  15  0:37  Gateway  
  16  0:43  Assimilator  
  16  0:47  Probe (Chrono Boost)  
  17  0:58  Probe (Chrono Boost)  
  18  1:09  Probe (Chrono Boost)  
  19  1:26  Nexus  
  19  1:34  Cybernetics Core  
  19  1:39  Probe (Chrono Boost)  
  20  1:44  Assimilator  
  20  1:49  Probe (Chrono Boost)  
  21  1:55  Pylon  
  21  2:00  Probe (Chrono Boost)  
  22  2:10  Adept  
  22  2:11  Probe (Chrono Boost)  
  25  2:21  Stargate  
  25  2:26  Probe (Chrono Boost)  
  25  2:30  Warp Gate  
  26  2:38  Adept, Probe (Chrono Boost)  
  26  2:40  Probe (Chrono Boost)  
  29  2:50  Probe (Chrono Boost)  
  30  2:52  Probe (Chrono Boost)  
  31  3:00  Oracle  
  31  3:02  Probe (Chrono Boost)  
  31  3:05  Adept  
  34  3:12  Probe (Chrono Boost)  
  38  3:13  Probe (Chrono Boost)  
  39  3:24  Assimilator  
  39  3:26  Probe (Chrono Boost), Assimilator, Mothership Core (Chrono Boost)  
  42  3:32  Adept  
  44  3:37  Probe (Chrono Boost), Pylon  
  45  3:46  Probe (Chrono Boost)  
  46  3:52  Pylon  
  46  3:55  Probe (Chrono Boost)  
  47  3:58  Probe (Chrono Boost)  
  48  4:05  Probe (Chrono Boost)  
  48  4:08  Pylon  
  50  4:10  Probe (Chrono Boost)  
  50  4:11  Stargate  
  50  4:22  Fleet Beacon  
  50  4:26  Probe (Chrono Boost)  
  50  4:28  Probe (Chrono Boost)  
  52  4:36  Probe (Chrono Boost)  
  53  4:38  Probe (Chrono Boost)  
  54  4:47  Probe (Chrono Boost)  
  54  4:49  Protoss Air Weapons Level 1, Probe (Chrono Boost)  
  56  4:54  Carrier  
  56  4:55  Pylon  
  56  4:58  Probe (Chrono Boost)  
  63  5:13  Carrier  
  69  5:22  Pylon  
  69  5:24  Probe (Chrono Boost)  
  69  5:27  Probe (Chrono Boost)  
  69  5:28  Adept  
  73  5:35  Gateway x2  
  73  5:42  Pylon  
  73  5:56  Adept  
  75  6:08  Twilight Council, Carrier  
  75  6:11  Pylon  
  75  6:20  Pylon  
  81  6:28  Nexus  
  81  6:33  Pylon, Resonating Glaives  
  81  6:35  Probe (Chrono Boost)  
  81  6:38  Carrier  
  87  6:42  Probe (Chrono Boost)  
  88  7:05  Nexus  
  88  7:09  Graviton Catapult  
  88  7:10  Protoss Air Weapons Level 2  
  88  7:23  Carrier  
  88  7:25  Pylon  
  88  7:31  Adept x3  
  88  7:33  Gateway  
  88  7:36  Gateway  
  100  7:42  Nexus  
  101  7:45  Probe (Chrono Boost)  
  101  7:46  Probe (Chrono Boost)  
  101  7:51  Templar Archives  
  102  8:02  Probe (Chrono Boost)  
  102  8:03  Assimilator  
  104  8:06  Probe (Chrono Boost)  
  104  8:07  Assimilator  
  104  8:10  Gateway  
  104  8:11  Gateway x2  
  104  8:14  Carrier  
  110  8:20  Adept  
  97  8:34  Psionic Storm  
  97  8:36  Adept x2  
  93  8:44  High Templar  
  95  8:49  Carrier  
  95  8:52  Probe x2 (Chrono Boost)  
  104  9:04  Probe (Chrono Boost)  
  104  9:06  Probe (Chrono Boost)  
  104  9:07  Probe (Chrono Boost)  
  106  9:14  High Templar  
  106  9:16  Probe (Chrono Boost)  
  106  9:23  Pylon  
  106  9:25  Pylon  
  106  9:47  High Templar x2  
  110  9:54  Pylon  
  110  9:59  Pylon  
  110  10:00  Pylon  
  110  10:03  Adept  
  110  10:04  High Templar x2  
  116  10:10  Probe x2 (Chrono Boost)  
  118  10:17  Assimilator  
  118  10:19  Pylon  
  112  10:21  Nexus  
  112  10:23  Pylon  
  112  10:30  Adept  
  112  10:31  Adept x2  
Show
View Real Time Build Order
Export as new Build Order

sLeepisT Terran 

Build Orders: Liberator Opening, MMM Bio 

Get SALT Encoding   

  12  0:00  SCV  
  13  0:13  SCV  
  14  0:17  Supply Depot  
  14  0:25  SCV  
  15  0:39  SCV  
  15  0:40  Barracks  
  16  0:45  Refinery  
  16  0:51  SCV  
  17  1:03  SCV  
  18  1:15  SCV  
  19  1:27  Marine  
  19  1:28  Orbital Command  
  20  1:44  Command Center  
  20  1:48  Barracks Reactor  
  20  1:54  SCV  
  21  2:05  Factory  
  21  2:06  SCV  
  22  2:11  Supply Depot  
  22  2:16  Refinery  
  22  2:19  SCV  
  23  2:32  Marine x2  
  23  2:33  SCV  
  26  2:45  SCV  
  26  2:50  Marine x2  
  29  2:53  Starport  
  29  2:57  SCV  
  30  3:00  Orbital Command  
  30  3:10  Cyclone  
  30  3:12  SCV  
  34  3:15  Marine  
  34  3:18  Marine  
  36  3:26  Supply Depot  
  36  3:29  SCV x2  
  38  3:35  Medivac  
  38  3:37  Marine  
  38  3:38  Marine  
  38  3:41  SCV  
  43  3:43  SCV  
  44  3:52  Supply Depot  
  44  3:53  SCV  
  45  3:58  Liberator  
  45  3:59  SCV  
  45  4:01  Widow Mine  
  45  4:02  Marine x2  
  50  4:05  SCV  
  51  4:11  Supply Depot  
  55  4:17  SCV  
  55  4:19  Barracks  
  55  4:20  Marine x2  
  57  4:25  Barracks  
  57  4:27  SCV  
  57  4:29  SCV  
  59  4:37  Factory Tech Lab  
  59  4:43  SCV  
  59  4:44  SCV  
  61  4:45  Marine  
  61  4:46  Marine  
  63  4:55  SCV, Engineering Bay  
  63  4:58  Starport Tech Lab  
  64  5:03  Marine x2, SCV  
  67  5:07  SCV, Supply Depot  
  67  5:10  Supply Depot  
  68  5:21  Marine x2  
  68  5:22  Factory Reactor  
  68  5:28  Refinery x2  
  70  5:29  SCV x2, Supply Depot  
  70  5:34  Marauder, Stimpack  
  74  5:38  Engineering Bay x2  
  74  5:41  SCV  
  74  5:42  Marauder  
  77  5:46  SCV  
  78  5:54  SCV, Supply Depot  
  79  5:59  Marine x2, Marauder  
  83  6:08  Medivac x2  
  83  6:10  Marauder, Combat Shields  
  89  6:12  SCV x2  
  91  6:24  Command Center, Marine x2  
  91  6:25  Marauder, Widow Mine  
  95  6:29  SCV x2  
  99  6:41  SCV  
  99  6:43  Marauder  
  102  6:49  Supply Depot  
  102  6:50  Terran Infantry Armor Level 1, Terran Infantry Weapons Level 1  
  102  6:51  Marine x2, SCV  
  102  6:52  Supply Depot  
  102  6:53  Supply Depot  
  105  6:56  Marauder  
  106  7:04  Marine, SCV x2  
  106  7:08  Missile Turret, Supply Depot  
  109  7:11  Supply Depot  
  109  7:18  Marine x2, Marauder  
  113  7:23  Medivac x2  
  113  7:24  Factory Reactor  
  113  7:26  SCV  
  118  7:31  SCV  
  118  7:36  Armory  
  119  7:38  SCV  
  119  7:40  Marauder  
  119  7:43  Marauder  
  119  7:44  Concussive Shells  
  124  7:46  SCV  
  126  7:51  SCV  
  126  7:54  Orbital Command  
  126  8:00  SCV  
  126  8:01  Marine x2  
  126  8:03  Medivac  
  126  8:04  Medivac  
  137  8:08  Marauder, SCV  
  137  8:11  Barracks  
  137  8:12  Marauder  
  138  8:13  SCV  
  139  8:20  Barracks  
  139  8:22  SCV x2  
  127  8:35  Marine x2, Marauder x2  
  123  8:46  Barracks, SCV x3  
  123  8:48  Barracks  
  123  8:50  Barracks  
  123  8:52  Marine  
  124  9:02  Command Center  
  123  9:05  Marine x3  
  123  9:06  Barracks Reactor  
  123  9:07  Medivac x2  
  130  9:10  Marine, SCV  
  130  9:11  SCV x2  
  134  9:19  Marine  
  134  9:22  Marine  
  134  9:23  Marine x2, SCV  
  139  9:28  Marine  
  139  9:33  Marine x2  
  139  9:37  Marine  
  139  9:38  Marine x2  
  128  9:40  Marine x2, Medivac x2  
  128  9:41  Marine  
  128  9:42  SCV x3  
  128  9:44  Marine x2  
  121  9:46  Marine  
  121  9:51  Marine x2  
  116  9:54  Marine  
  116  9:56  Marine x2  
  119  10:00  Marine x3  
  119  10:02  Missile Turret  
  119  10:03  Missile Turret  
  119  10:05  Marine x2  
  124  10:07  Marine  
  124  10:09  Marine x2  
  124  10:12  Marine  
  124  10:13  Marine  
  124  10:14  Marine  
  130  10:18  Marine x3  
  117  10:27  Marine x5  
  110  10:35  SCV x2  
Tags
 
Add a new tag
Caveats
  • Supply blocks, unpowered buildings, or Contaminate may cause inaccurate times.
  • Supply counts are checked every 10 seconds.